 Dungeon Crawl Stone Soup version 0.30-a0-310-g7d6cbdfea6 (webtiles) character file.

Game seed: 4160239076904411513

815 billz999 the Covert (level 7, 0/42 HPs)
             Began as an Octopode Earth Elementalist on Oct 24, 2022.
             Was an Initiate of Kikubaaqudgha.
             Slain by Grinder (11 damage)
             ... on level 5 of the Dungeon.
             The game lasted 00:08:14 (4979 turns).

billz999 the Covert (Octopode Earth Elementalist)   Turns: 4979, Time: 00:08:15

Health: 0/42       AC:  1    Str:  8    XL:     7   Next: 94%
Magic:  7/12       EV: 13    Int: 19    God:    Kikubaaqudgha [......]
Gold:   258        SH:  0    Dex: 12    Spells: 7/12 levels left

rFire   . . .      SeeInvis .    a - staff of earth
rCold   . . .      Faith    +    (no shield)
rNeg    . . .      Spirit   .    (helmet restricted)
rPois   +          Reflect  .    r - amulet of faith
rElec   .          Harm     .    n - ring of poison resistance
rCorr   .          Rampage  .    (no ring)
Will    .....                    (no ring)
Stlth   +++++.....               (no ring)
HPRegen 0.27/turn                (no ring)
MPRegen 0.13/turn                (no ring)
                                 (no ring)
                                 (no ring)

@: no status effects
A: almost no armour, amphibious, 8 rings, camouflage 1, gelatinous body 1,
(nimble swimmer 1), tentacles
a: Renounce Religion


You were on level 5 of the Dungeon.
You worshipped Kikubaaqudgha.
Kikubaaqudgha was noncommittal.
You visited 2 branches of the dungeon, and saw 6 of its levels.
You also visited: Sewer.

You collected 258 gold pieces.

Inventory:

Hand Weapons
 b - a +1 dagger
Missiles
 e - 3 silver boomerangs
 u - a throwing net
Magical Staves
 a - a staff of earth (weapon)
 d - a staff of cold
 i - a staff of air
Jewellery
 n - a ring of poison resistance (left tentacle)
 r - an amulet of faith (around mantle)
Scrolls
 h - 2 scrolls of torment
 p - a scroll of summoning {unknown}
 t - 2 scrolls of magic mapping {unknown}
 v - 2 scrolls of identify {unknown}
 y - 2 scrolls of blinking {unknown}
 z - a scroll of teleportation
Potions
 c - a potion of lignification
 f - a potion of magic
 g - a potion of degeneration {unknown}
 j - a potion of invisibility {unknown}
 k - a potion of flight {unknown}
 l - a potion of curing
 m - a potion of ambrosia {unknown}
 o - 2 potions of attraction {unknown}
 q - a potion of heal wounds {unknown}
 s - a potion of resistance {unknown}
 w - a potion of brilliance {unknown}
 x - a potion of haste {unknown}


   Skills:
 - Level 0.9 Fighting
 - Level 2.0 Dodging
 - Level 8.0 Stealth
 + Level 3.4 Spellcasting
 * Level 4.7 Transmutations
 + Level 4.3 Earth Magic


You had 7 spell levels left.
You knew the following spells:

 Your Spells              Type           Power      Damage    Failure   Level
a - Sandblast             Erth           58%        2d13      2%          1
b - Petrify               Tmut/Erth      31%        N/A       22%         4

Your spell library contained the following spells:

 Spells                   Type           Power      Damage    Failure   Level
 Passwall                 Tmut/Erth      25%        N/A       3%          2
 Apportation              Tloc           6%         N/A       14%         1
 Stone Arrow              Conj/Erth      34%        3d9       19%         3
 Alistair's Intoxication  Tmut/Pois      8%         N/A       83%         5


Dungeon Overview and Level Annotations

Branches:
Dungeon (5/15)             Temple (1/1) D:5           Sewer (visited)

Altars:
Ashenzari
Cheibriados
Elyvilon
Fedhas
Hepliaklqana
Kikubaaqudgha
Makhleb
Nemelex Xobeh
Okawaru
Qazlal
Ru
Vehumet
Wu Jian
Xom
Yredelemnul
Zin
The Shining One

Annotations:
D:2 Terence
D:3 3 runed translucent doors, DrKenneth's ghost, amateur MiFi
D:5 Grinder


Innate Abilities, Weirdness & Mutations

You cannot wear most types of armour.
You are amphibious.
You can wear up to eight rings at the same time.
Your skin changes colour to match your surroundings (Stealth+).
Your rubbery body absorbs attacks. (AC +1, EV +1)
((You are camouflaged when in or above water. (Stealth+)))
You have tentacles for arms and can constrict up to eight enemies at once.


Message History

Casting: Sandblast (safe; 2% risk of failure)
Confirm with . or Enter, or press ? or * to list all spells.
Aiming: Sandblast (safe; 2% risk of failure)
Press: ? - help, Shift-Dir - straight line, f/p - Grinder
Aim: Grinder (81% to hit)
You feel a surge of power!
The blast of sand hits Grinder!
Grinder is moderately wounded.
Unknown command.
Casting: Sandblast (safe; 2% risk of failure)
Confirm with . or Enter, or press ? or * to list all spells.
Aiming: Sandblast (safe; 2% risk of failure)
Press: ? - help, Shift-Dir - straight line, f/p - Grinder
Aim: Grinder (moderately wounded, 81% to hit)
You feel a surge of power!
The blast of sand hits Grinder.
Grinder is moderately wounded.
Grinder hits you!
You writhe in agony.
Grinder gestures at you. Pain shoots through your body!
Casting: Sandblast (safe; 2% risk of failure)
Confirm with . or Enter, or press ? or * to list all spells.
Aiming: Sandblast (safe; 2% risk of failure)
Press: ? - help, Shift-Dir - straight line, f/p - Grinder
Aim: Grinder (moderately wounded, 81% to hit)
You feel a surge of power!
The blast of sand hits Grinder!
Grinder is severely wounded.
Grinder blinks!
Unknown command.
Casting: Sandblast (safe; 2% risk of failure)
Confirm with . or Enter, or press ? or * to list all spells.
Aiming: Sandblast (safe; 2% risk of failure)
Press: ? - help, Shift-Dir - straight line, f/p - Grinder
Aim: Grinder (severely wounded, 81% to hit)
You feel a surge of power!
The blast of sand hits Grinder!
Grinder is almost dead.
Grinder gestures at you. Pain shoots through your body!
* * * LOW HITPOINT WARNING * * *
Grinder hits you!
You die...
Kikubaaqudgha rasps: "You have failed me!
Welcome... death!"

#..###.#...[.....# #.# ..#
#....<......# #.####### ###
##..([......# ###.......# ##
#..........# ##...#####.. .#
#..........# #.♣♣.~♣ ##.
.######..........# ###.♣♣~♣♣ #.
......#.........####..♣♣~.~♣ ##
[...#..........#5....♣♣♣♣.♣♣ #.
###>##.).....###@..♣♣♣♣♣P~P♣♣ ♣.
#.##.....#..#....P♣P♣P~.~~♣♣♣P.
#.......###.......~~~~~~...~~..
###..##...#
###.#..♣PP♣♣~~~P♣P~♣#
..#...........#.#..♣♣♣♣♣P†P♣♣♣♣♣
.......######.#.#....♣♣♣P~P♣
##.....# #...#.>....♣P~♣♣
###.#..# #..##......♣P.♣ #
#.#.### #..##......♣♣.♣


You could see Grinder.

Vanquished Creatures
  A water moccasin (Sewer)
  4 ogres
  A phantom (D:5)
  A scorpion (D:5)
  An orc priest (D:5)
  Jessica (D:2)
  An iguana (D:5)
  4 adders
  A white imp (D:4)
  An ufetubus (D:4)
  3 worms
  2 dart slugs (D:2)
  13 orcs
  7 endoplasms
  5 giant cockroaches
  7 goblins
  6 hobgoblins
  4 jackals (D:4)
  8 kobolds
  4 quokkas
  4 ball pythons
  8 bats
  A frilled lizard (D:1)
  2 rats
90 creatures vanquished.

Vanquished Creatures (others)
  5 plants (D:5)
5 creatures vanquished.

Grand Total: 95 creatures vanquished

Notes
Turn   | Place    | Note
-------+----------+-------------------------------------------
     0 | D:1      | billz999 the Octopode Earth Elementalist began the quest
                  | for the Orb.
     0 | D:1      | Reached XP level 1. HP: 11/11 MP: 3/3
    38 | D:1      | Reached skill level 3 in Stealth
   173 | D:1      | Reached XP level 2. HP: 17/17 MP: 3/5
   312 | D:1      | Reached skill level 4 in Stealth
   892 | D:2      | Reached XP level 3. HP: 21/21 MP: 1/6
   972 | D:2      | Reached skill level 5 in Stealth
  1187 | D:2      | Noticed Jessica
  1192 | D:2      | Killed Jessica
  1193 | D:2      | Reached skill level 6 in Stealth
  1193 | D:2      | Reached XP level 4. HP: 27/27 MP: 4/7
  1390 | D:2      | Noticed Terence
  1690 | D:3      | Found a runed translucent gate.
  1690 | D:3      | Found a runed translucent gate.
  1690 | D:3      | Found a runed translucent gate.
  1693 | D:3      | Identified the +1 leather armour of Lituvemn {rPois rF+
                  | Dex+2 Slay+3}
  1693 | D:3      | Noticed DrKenneth's ghost (amateur MiFi)
  1934 | D:3      | Found a glowing drain.
  1951 | Sewer    | Entered a sewer
  2047 | Sewer    | Noticed a water moccasin
  2054 | Sewer    | Killed a water moccasin
  2055 | Sewer    | Reached skill level 8 in Stealth
  2055 | Sewer    | Reached XP level 5. HP: 24/32 MP: 3/8
  2786 | D:4      | Learned a level 4 spell: Petrify
  2797 | D:4      | Noticed an ogre
  2803 | D:4      | Killed an ogre
  2804 | D:4      | Reached XP level 6. HP: 37/37 MP: 5/9
  2967 | D:4      | Found a glowing golden altar of the Shining One.
  3684 | D:5      | Entered Level 5 of the Dungeon
  3719 | D:5      | Found a staircase to the Ecumenical Temple.
  3853 | D:5      | Reached XP level 7. HP: 38/42 MP: 3/11
  4436 | D:5      | Noticed Grinder
  4463 | Temple   | Entered the Ecumenical Temple
  4698 | Temple   | Became a worshipper of Kikubaaqudgha
  4979 | D:5      | Slain by Grinder

Illustrated notes

Levels and vault maps discovered:
D:1:      minmay_arrival_stone_box, layout_loops_ring, minmay_3d_cube
D:2:      layout_rooms, hellmonk_ecumenical_altar_pennies_from_heaven,
          reono_crystal_passage, minmay_heptomino_o4, uniq_jessica, uniq_terence
D:3:      layout_basic, cheibrodos_sewer_entry_bend, biasface_ghost_orc_armoury
D:4:      layout_cave_pods, nicolae_tso_carved_into_rock
D:5:      layout_rooms, trog_wizard, minmay_temple_entry_gardened_gates,
          serial_bayou_crossing, uniq_grinder
Temple:   nicolae_temple_slightly_damp_pantheon

Skill      XL: |  1  2  3  4  5  6  7 |
---------------+----------------------+-----
Stealth        | 3 4 6 8 |  8.0
Transmutations | 2 3 4 |  4.7
Spellcasting   | 3 |  3.4
Earth Magic    | 4 |  4.3
Fighting       | |  0.9
Dodging        | |  2.0

Action                   |  1- 3 |  4- 6 |  7- 9 || total
-------------------------+-------+-------+-------++-------
Melee: Staff             |       |       |    14 ||    14
       Constrict         |       |       |     1 ||     1
       Punch             |       |       |     1 ||     1
 Cast: Sandblast         |    37 |    72 |    35 ||   144
  Use: Scroll            |       |     8 |       ||     8
       Potion            |       |       |     4 ||     4
Armor: Skin              |       |     1 |    13 ||    14
Dodge: Dodged            |     6 |    14 |    18 ||    38

Table legend: (Time is in decaauts)
 A = Elapsed time spent in this place.
 B = Non-inter-level travel time spent in this place.
 C = Inter-level travel time spent in this place.
 D = Time resting spent in this place.
 E = Time spent auto-exploring this place.
 F = Levels seen in this place.
 G = Mean time per level.
                   A        B        C        D        E       F      G
               +--------+--------+--------+--------+--------+-----+--------+
         Total |   5064 |   4811 |    253 |    624 |   3514 |   7 |  723.4 |
       Dungeon |   4577 |   4435 |    142 |    563 |   3267 |   5 |  915.4 |
        Temple |    295 |    184 |    111 |      0 |    166 |   1 |  295.0 |
         Sewer |    191 |    191 |      0 |     61 |     81 |   1 |  191.0 |
               +--------+--------+--------+--------+--------+-----+--------+

Top non-repeatable levels by time:
     D:4: 1325 daAuts
     D:3: 1171 daAuts
     D:1: 964 daAuts
     D:5: 631 daAuts
     D:2: 485 daAuts
  Temple: 295 daAuts
   Sewer: 191 daAuts
